 Dungeon Crawl Stone Soup version 0.26.1-2-gb8aa6d0cf2 (webtiles) character file.

Game seed: 14773078862438244110

105 funkygono the Cudgeller (level 4, 0/41 HPs)
             Began as a Minotaur Monk on Feb 16, 2021.
             Slain by Galthrax's ghost (10 damage)
             ... on level 3 of the Dungeon.
             The game lasted 00:02:41 (1475 turns).

funkygono the Cudgeller (Minotaur Monk)             Turns: 1475, Time: 00:02:41

Health: 0/41       AC:  6    Str: 16    XL:     4   Next: 53%
Magic:  3/3        EV: 12    Int:  7    God:
Gold:   84         SH:  0    Dex: 13    Spells: 3/3 levels left

rFire    . . .     SeeInvis .   e - +0 whip (venom)
rCold    . . .     Faith    .   (no shield)
rNeg     . . .     Spirit   .   g - +0 ring mail
rPois    .         Reflect  .   (helmet restricted)
rElec    .         Harm     .   (no cloak)
rCorr    .         Rampage  .   c - +0 pair of gloves
Will     +....                  (no boots)
Stlth    +.........             (no amulet)
HPRegen  0.13/turn              d - ring of flight
MPRegen  0.08/turn              j - ring of willpower

@: no status effects
A: retaliatory headbutt, horns 2
a: Evoke Flight


You were on level 3 of the Dungeon.
You visited 1 branch of the dungeon, and saw 3 of its levels.

You collected 84 gold pieces.

Inventory:

Hand Weapons
 a - a +0 mace
 e - a +0 whip of venom (weapon)
Armour
 c - a +0 pair of gloves (worn)
 g - a +0 ring mail (worn)
Jewellery
 d - a ring of flight (left hand)
 j - a ring of willpower (right hand)
Scrolls
 i - 2 scrolls of identify
Potions
 b - a potion of curing
 h - a potion of invisibility {unknown}


   Skills:
 + Level 4.3 Fighting
 + Level 4.8 Maces & Flails
 + Level 1.3 Armour
 + Level 4.1 Dodging
 + Level 1.9 Stealth


You had 3 spell levels left.
You didn't know any spells.
Your spell library was empty.

Dungeon Overview and Level Annotations

Branches:
Dungeon (3/15)

Altars:
Nemelex Xobeh
Beogh

Annotations:
D:3 Galthrax's ghost, amateur DgEE


Innate Abilities, Weirdness & Mutations

You reflexively headbutt those who attack you in melee.
You have a pair of horns on your head.


Message History

Galthrax's ghost is moderately damaged.
Galthrax's ghost hits you!
* * * LOW HITPOINT WARNING * * *
x2 You closely miss Galthrax's ghost.
Galthrax's ghost is moderately damaged.
Galthrax's ghost barely misses you.
You miss Galthrax's ghost. Your headbutt misses Galthrax's ghost.
Galthrax's ghost is moderately damaged.
You feel better. Galthrax's ghost barely misses you.
It was a potion of heal wounds.
You feel much better. Galthrax's ghost casts a spell at you.
The stone arrow hits you!
You hit Galthrax's ghost.
Galthrax's ghost is moderately damaged.
Galthrax's ghost hits you.
* * * LOW HITPOINT WARNING * * *
x2 You closely miss Galthrax's ghost.
Galthrax's ghost is moderately damaged.
Galthrax's ghost hits you!
You die...

#8....[_[...
#...........
#.#8#..8..# #
#.###.(... ##.
#....#####....
#.....o.......
#######oo'##### ###
#8..@Woo....... ..#
#<#####..#...#. # #.
#.###.....[....#.#
#.#.
#.##...#######....
#.#.#####.#.......###
....#
#.........##..........
....
#......)###......###
... #).(.....)().....#
... ##..)..####......#


You could see Galthrax's ghost and 5 orcs.

Vanquished Creatures
  An orc priest (D:3)
  3 adders
  2 dart slugs
  4 orcs (D:3)
  7 bats
  4 goblins
  4 hobgoblins
  5 jackals
  A ball python (D:2)
  A frilled lizard (D:2)
  5 kobolds
  4 rats
41 creatures vanquished.

Notes
Turn   | Place    | Note
-------+----------+-------------------------------------------
     0 | D:1      | funkygono the Minotaur Monk began the quest for the Orb.
     0 | D:1      | Reached XP level 1. HP: 19/19 MP: 0/0
   226 | D:1      | Reached XP level 2. HP: 27/27 MP: 1/1
   728 | D:2      | Reached XP level 3. HP: 32/33 MP: 2/2
  1189 | D:2      | Found a sparkling altar of Nemelex Xobeh.
  1303 | D:3      | Found a faded altar of an unknown god.
  1374 | D:3      | Reached skill level 1 in Armour
  1374 | D:3      | Reached XP level 4. HP: 41/41 MP: 3/3
  1450 | D:3      | Identified the +6 dagger of Tumult {speed, +Inv rElec rN+
                  | Int+2}
  1450 | D:3      | Identified the +5 chain mail of Articulation {rCorr Str-2
                  | Int+4 Slay+5}
  1451 | D:3      | Found a runed translucent gate.
  1451 | D:3      | Found a runed translucent gate.
  1451 | D:3      | Noticed Galthrax's ghost (amateur DgEE)
  1452 | D:3      | Found a runed translucent gate.
  1452 | D:3      | Found a roughly hewn altar of Beogh.
  1475 | D:3      | Slain by Galthrax's ghost

Illustrated notes

Levels and vault maps discovered:
D:1:      dpeg_arrival_water_fire, layout_rooms, minmay_misc_feat_tower
D:2:      layout_basic, lemuel_round_altar
D:3:      layout_loops_corners, chequers_ecumenical_altar_simple_redux,
          biasface_ghost_orc_armoury, minivault_24, nrook_uturn,
          solitary_fountain, kennysheep_cross_bottleneck,
          minmay_misc_feat_diagonals

Skill      XL: |  1  2  3 |
---------------+----------+-----
Maces & Flails | 4 |  4.8
Fighting       | 4 |  4.3
Dodging        | 4 |  4.1
Armour         | 1 |  1.3
Stealth        | |  1.9

Action                   |  1- 3 |  4- 6 || total
-------------------------+-------+-------++-------
Melee: Whip              |    70 |    21 ||    91
       Headbutt          |    13 |     1 ||    14
  Use: Scroll            |     3 |       ||     3
       Potion            |       |     2 ||     2
 Stab: Sleeping          |     1 |       ||     1
Armor: Robe              |     6 |       ||     6
       Ring mail         |    23 |     4 ||    27
Dodge: Dodged            |    53 |    12 ||    65
